 Dungeon Crawl Stone Soup version 0.30-a0-1094-g860fb061e7 (webtiles) character file.

Game seed: 16714365508489199903

1392 lunkers the Carver (level 9, -4/81 HPs)
             Began as a Meteoran Fighter on Apr 17, 2023.
             Slain by an ogre
             ... wielding a +0 giant club
              (10 damage)
             ... on level 5 of the Dungeon.
             The game lasted 00:04:26 (1759 turns).

lunkers the Carver (Meteoran Fighter)               Turns: 1759, Time: 00:04:27

Health: -4/81      AC:  9    Str: 20    XL:     9   Next: 20%
Magic:  10/10      EV:  9    Int:  9    God:
Gold:   116        SH:  6    Dex: 23    Spells: 8/8 levels left

rFire   . . .      SeeInvis .    a - +0 long sword
rCold   . . .      Faith    .    c - +0 buckler
rNeg    . . .      Spirit   .    b - +0 scale mail
rPois   .          Reflect  .    d - +0 helmet
rElec   .          Rampage  .    (no cloak)
rCorr   .                        v - +0 pair of gloves
Will    +....                    (no boots)
Stlth   +                        k - amulet of regeneration
HPRegen 1.13/turn                f - +6 ring of dexterity
MPRegen 0.12/turn                p - ring of flight

@: flying, glowing
A: sense surroundings 2, otherworldly, glowing, explore regen
a: no special abilities


You were on level 5 of the Dungeon.
You visited 1 branch of the dungeon, and saw 5 of its levels.

You collected 116 gold pieces.

Inventory:

Hand Weapons
 a - a +0 long sword (weapon)
Armour
 b - a +0 scale mail (worn)
 c - a +0 buckler (worn)
 d - a +0 helmet (worn)
 v - a +0 pair of gloves (worn)
Jewellery
 f - a +6 ring of dexterity (left hand)
 k - an amulet of regeneration (around neck)
 p - a ring of flight (right hand)
Scrolls
 e - 2 scrolls of blinking {unknown}
 h - a scroll of acquirement {unknown}
 j - 2 scrolls of magic mapping {unknown}
 o - 2 scrolls of identify {unknown}
 t - 2 scrolls of fear {unknown}
 u - a scroll of immolation {unknown}
Potions
 g - 3 potions of curing {unknown}
 i - a potion of flight {unknown}
 m - 2 potions of heal wounds {unknown}
 n - a potion of berserk rage {unknown}
 q - a potion of brilliance {unknown}
 r - a potion of haste {unknown}
 s - a potion of invisibility {unknown}


   Skills:
 + Level 7.9 Fighting
 - Level 10.0 Long Blades
 - Level 3.6 Armour
 - Level 3.6 Shields


You had 8 spell levels left.
You didn't know any spells.
Your spell library was empty.

Dungeon Overview and Level Annotations

Branches:
Dungeon (5/15) Zot: 1203
 Temple: D:4-7

Altars:
Fedhas


Innate Abilities, Weirdness & Mutations

You passively map the area around you.
You are easily found by Zot.
You glow in the dark.
You regain HP and MP as you explore.


Message History

An ogre comes into view. It is wielding a +0 giant club.
The ogre shouts!
You slash the ogre!
The ogre is moderately wounded.
You hit the ogre but do no damage.
The ogre is moderately wounded.
The ogre hits you with a +0 giant club!
You hit the ogre but do no damage.
The ogre is moderately wounded.
The ogre closely misses you.
You hit the ogre.
The ogre is heavily wounded.
You barely miss the ogre.
The ogre is heavily wounded.
The ogre barely misses you.
You slash the ogre!
The ogre is severely wounded.
The ogre hits you with a +0 giant club!!
The ogre barely misses you.
You barely miss the ogre.
The ogre is severely wounded.
The ogre hits you with a +0 giant club!
* * * LOW HITPOINT WARNING * * *
You slash the ogre!
You kill the ogre!
Unknown command.
You hit the ogre.
The ogre is lightly wounded.
The ogre hits you with a +0 giant club!!
* * * LOW HITPOINT WARNING * * *
You slash the ogre!
The ogre is heavily wounded.
You barely miss the ogre.
The ogre is heavily wounded.
The ogre hits you with a +0 giant club!!
* * * LOW HITPOINT WARNING * * *
You hit the ogre.
The ogre is heavily wounded.
The ogre hits you with a +0 giant club!
You die...

* , ,* * *
, *** ###
###* * , *
, ..# ... ,
, ###.##.#
* * * , *
#.<....###
*, *
#.#......#
* * , *,
#.#.##.#.#
* #.#@O..#
, , * * , ,
#.#)##.....
* * , * ,
#.#.# #.##*
* #.... *,#
, , ** * ,
, ,,....#
*, , **, ,
, #### * ,
, *,, * *,
*, , * , *
*


You could see an ogre.

Vanquished Creatures
  Pikel (D:4)
  Menkaure (D:4)
  3 ogres
  2 lemures (D:4)
  A bullfrog (D:4)
  2 scorpions (D:4)
  An iguana (D:4)
  A sleepcap (D:4)
  Natasha (thrice) (D:4)
  3 orc wizards (D:4)
  Robin (D:4)
  4 adders
  A worm (D:2)
  5 dart slugs
  13 orcs
  3 ball pythons
  A bat (D:1)
  11 endoplasms
  5 giant cockroaches
  10 goblins
  9 hobgoblins
  2 jackals (D:2)
  6 quokkas
  2 frilled lizards
  7 kobolds
  5 rats
103 creatures vanquished.

Notes
Turn   | Place    | Note
-------+----------+-------------------------------------------
     0 | D:1      | lunkers the Meteoran Fighter began the quest for the Orb.
     0 | D:1      | Reached XP level 1. HP: 19/19 MP: 2/2
    34 | D:1      | Reached skill level 3 in Long Blades
    34 | D:1      | Reached XP level 2. HP: 20/26 MP: 3/3
   238 | D:1      | Reached XP level 3. HP: 20/31 MP: 4/4
   300 | D:1      | Reached skill level 4 in Long Blades
   625 | D:2      | Reached XP level 4. HP: 37/38 MP: 5/5
   723 | D:2      | Reached skill level 5 in Long Blades
   994 | D:3      | Reached XP level 5. HP: 45/45 MP: 6/6
  1193 | D:4      | Found a blossoming altar of Fedhas.
  1221 | D:4      | Reached skill level 6 in Long Blades
  1223 | D:4      | Noticed Natasha
  1229 | D:4      | Killed Natasha
  1233 | D:4      | Noticed a bullfrog
  1237 | D:4      | Reached XP level 6. HP: 51/51 MP: 7/7
  1251 | D:4      | Reached skill level 7 in Long Blades
  1299 | D:4      | Noticed an ogre
  1304 | D:4      | Killed an ogre
  1305 | D:4      | Reached skill level 8 in Long Blades
  1305 | D:4      | Reached XP level 7. HP: 57/57 MP: 8/8
  1432 | D:4      | Noticed Menkaure
  1454 | D:4      | Killed Menkaure
  1455 | D:4      | Reached skill level 9 in Long Blades
  1503 | D:4      | Noticed Pikel
  1546 | D:4      | Killed Pikel
  1547 | D:4      | Reached skill level 10 in Long Blades
  1547 | D:4      | Reached XP level 8. HP: 11/70 MP: 9/9
  1554 | D:4      | Noticed Natasha
  1562 | D:4      | Killed Natasha
  1587 | D:4      | Gained mutation: You passively map the area around you.
                  | [Meteoran growth]
  1587 | D:4      | Reached XP level 9. HP: 37/79 MP: 10/10
  1618 | D:4      | Noticed Natasha
  1621 | D:4      | Noticed Robin
  1646 | D:4      | Killed Robin
  1657 | D:4      | Killed Natasha
  1744 | D:5      | Entered Level 5 of the Dungeon
  1759 | D:5      | Slain by an ogre

Illustrated notes

Levels and vault maps discovered:
D:1:      giann_horns, layout_basic
D:2:      layout_basic, minivault_25, solitary_fountain, dk_vineyard_3,
          minmay_worlds_worst_comb
D:3:      layout_rooms
D:4:      layout_rooms, fedhas_ov_isle_minmay, minmay_checkerbox, uniq_pikel,
          uniq_robin, uniq_natasha, uniq_menkaure
D:5:      layout_loops_cross, uniq_blork_the_orc, uniq_prince_ribbit1

Skill      XL: |  1  2  3  4  5  6  7  8 |
---------------+-------------------------+-----
Long Blades    | 3 4 5 6 8 10 | 10.0
Fighting       | 6 7 |  7.9
Armour         | |  3.6
Shields        | |  3.6

Action                     |  1- 3 |  4- 6 |  7- 9 || total
---------------------------+-------+-------+-------++-------
  Melee: Long sword        |    76 |   122 |   142 ||   340
    Use: Potion            |       |       |     1 ||     1
 Armour: Scale mail        |    29 |    58 |    45 ||   132
  Dodge: Dodged            |    23 |    36 |    53 ||   112
  Block: Buckler           |    25 |    37 |    38 ||   100

Table legend: (Time is in decaauts)
 A = Elapsed time spent in this place.
 B = Non-inter-level travel time spent in this place.
 C = Inter-level travel time spent in this place.
 D = Time resting spent in this place.
 E = Time spent auto-exploring this place.
 F = Levels seen in this place.
 G = Mean time per level.
                   A        B        C        D        E       F      G
               +--------+--------+--------+--------+--------+-----+--------+
         Total |   1795 |   1704 |     91 |      0 |   1010 |   5 |  359.0 |
       Dungeon |   1795 |   1704 |     91 |      0 |   1010 |   5 |  359.0 |
               +--------+--------+--------+--------+--------+-----+--------+

Top non-repeatable levels by time:
     D:4: 559 daAuts
     D:1: 493 daAuts
     D:2: 467 daAuts
     D:3: 261 daAuts
     D:5: 14 daAuts
